Map: 스테이시스 - 래더

Players

Dark - Winner!

  • Race: Zerg Zerg
  • League: Grandmaster
  • Spawn Location: 11:00

TYTY (TY)

  • Race: Terran Terran
  • League: Master
  • Spawn Location: 1:00

Event: IEM Season 13 - Katowice Server Qualifiers Asia 1

VOD

Have the link to the VOD?

Description

Time

  • Played on: Jan. 14, 2019, 5:54 a.m.
  • Length: 27:20

All games in this series

Show
View Real Time Build Order
Export as new Build Order

Dark Zerg - Winner!

Build Orders: Pool First, Roach Hydra 

Get SALT Encoding   

  12  0:01  Drone  
  13  0:12  Overlord  
  13  0:17  Drone  
  14  0:31  Drone x2  
  16  0:36  Drone  
  17  0:45  Extractor  
  17  0:49  Drone  
  17  0:51  Spawning Pool  
  17  0:56  Drone  
  17  1:09  Drone  
  18  1:20  Hatchery  
  18  1:23  Drone  
  18  1:28  Drone  
  19  1:38  Queen  
  21  1:42  Zergling x2  
  22  1:57  Metabolic Boost  
  22  1:58  Overlord  
  22  2:15  Queen  
  22  2:18  Drone x2  
  26  2:28  Drone  
  27  2:34  Queen  
  29  2:42  Overlord  
  29  2:43  Drone x2  
  31  2:46  Drone  
  31  2:49  Drone  
  31  2:50  Drone  
  34  2:52  Drone  
  34  2:58  Overlord  
  35  3:04  Drone x2  
  37  3:09  Drone  
  38  3:20  Hatchery, Drone  
  38  3:22  Drone  
  39  3:31  Drone x2  
  39  3:32  Drone x3  
  44  3:38  Overlord  
  44  3:44  Roach Warren  
  43  3:49  Drone x2  
  43  3:52  Extractor  
  43  3:53  Drone x2  
  43  3:55  Extractor, Drone  
  46  3:58  Spore Crawler  
  44  4:04  Drone x3  
  44  4:05  Drone  
  44  4:09  Queen  
  48  4:13  Lair  
  50  4:25  Overlord  
  50  4:28  Roach x3  
  56  4:31  Drone  
  56  4:32  Drone x2  
  56  4:38  Drone  
  62  4:39  Drone  
  62  4:43  Drone x4  
  62  4:44  Drone x2  
  67  4:51  Ravager x3  
  70  4:54  Overlord  
  70  4:55  Drone x3  
  73  5:04  Drone  
  73  5:05  Spore Crawler  
  73  5:06  Drone  
  74  5:07  Overlord  
  74  5:11  Overseer  
  74  5:17  Drone x5  
  74  5:21  Drone x2  
  78  5:22  Evolution Chamber  
  78  5:23  Evolution Chamber  
  78  5:24  Drone  
  78  5:25  Extractor, Drone  
  78  5:27  Overseer  
  77  5:29  Drone x2  
  77  5:30  Spore Crawler  
  77  5:31  Drone x2  
  77  5:33  Spore Crawler  
  77  5:35  Drone  
  81  5:39  Extractor, Drone x2  
  81  5:40  Drone  
  81  5:41  Extractor  
  82  5:44  Glial Reconstitution  
  82  5:53  Zerg Missile Weapons Level 1  
  82  5:55  Infestation Pit  
  81  5:59  Hatchery  
  81  6:02  Drone  
  81  6:12  Spore Crawler, Drone x2  
  81  6:13  Hydralisk Den  
  81  6:15  Roach x4  
  81  6:16  Overlord x2  
  89  6:30  Overlord x2  
  89  6:38  Roach x3, Overseer  
  85  6:47  Zergling x8  
  85  6:48  Roach x2, Overlord x2, Zergling x8  
  85  6:49  Roach x2  
  85  6:50  Roach  
  85  6:53  Queen x2  
  99  6:55  Roach  
  99  6:56  Roach  
  99  7:00  Ravager x3  
  103  7:02  Overlord  
  103  7:04  Overseer  
  103  7:06  Queen  
  103  7:08  Roach, Zergling x2  
  101  7:15  Hydralisk x2  
  90  7:16  Hydralisk  
  88  7:25  Drone  
  86  7:30  Drone x2  
  86  7:31  Drone x2  
  86  7:32  Hive  
  86  7:34  Queen  
  92  7:39  Drone x3  
  92  7:41  Drone  
  92  7:42  Drone  
  96  7:45  Drone  
  96  7:47  Grooved Spines  
  96  7:48  Evolution Chamber  
  96  7:55  Queen  
  96  7:56  Zerg Missile Weapons Level 2  
  98  8:00  Drone x6  
  98  8:01  Spore Crawler  
  98  8:03  Extractor  
  98  8:04  Extractor  
  101  8:14  Overlord x4  
  101  8:22  Zerg Ground Armor Level 1  
  101  8:23  Hydralisk x4  
  101  8:24  Hydralisk x3  
  115  8:28  Hydralisk x2  
  119  8:43  Viper x4  
  119  8:45  Hydralisk x3  
  137  8:50  Pneumatized Carapace  
  137  8:53  Drone  
  138  8:59  Hydralisk x3  
  138  9:01  Roach x3  
  138  9:02  Roach x2  
  154  9:09  Muscular Augments  
  154  9:12  Roach  
  154  9:13  Roach x2  
  160  9:20  Overlord x3  
  160  9:34  Evolution Chamber x2  
  160  9:36  Evolution Chamber, Drone  
  160  9:37  Drone x2  
  160  9:39  Hydralisk x3  
  160  9:40  Hydralisk x4  
  160  9:42  Roach  
  160  9:43  Roach x2  
  173  10:08  Overlord x4  
  173  10:16  Overlord  
  173  10:19  Overlord  
  173  10:21  Zerg Missile Weapons Level 3  
  173  10:22  Zerg Ground Armor Level 2  
  172  10:30  Hatchery  
  172  10:32  Overseer  
  172  10:33  Overseer  
  172  10:34  Hydralisk x4  
  172  10:35  Hydralisk x5  
  181  10:42  Overlord  
  175  10:43  Viper x3  
  175  10:46  Drone x4  
  175  10:48  Drone  
  189  11:01  Hatchery  
  186  11:08  Hydralisk x4  
  186  11:09  Hydralisk x3  
  195  11:27  Overseer  
  195  11:29  Hydralisk  
  195  11:30  Hydralisk  
  195  11:31  Hydralisk  
  193  11:33  Extractor  
  193  11:35  Hydralisk x4  
  190  11:44  Hydralisk x5  
  190  11:45  Evolution Chamber x2, Hydralisk  
  190  11:46  Evolution Chamber x2  
  190  11:50  Roach x5  
  190  11:53  Spire  
  197  12:02  Drone x3  
  197  12:08  Roach  
  196  12:22  Unknown  
  176  12:40  Roach  
  176  12:41  Roach x11  
  200  12:59  Spine Crawler x2  
  200  13:00  Spine Crawler  
  195  13:06  Greater Spire  
  195  13:07  Drone  
  195  13:08  Drone x4  
  199  13:15  Drone  
  200  13:24  Spore Crawler, Spine Crawler  
  200  13:25  Drone x5  
  200  13:26  Extractor, Spine Crawler, Drone  
  198  13:29  Overlord  
  196  13:44  Extractor  
  196  13:45  Spine Crawler, Drone x3  
  196  13:46  Spine Crawler x2  
  195  13:48  Hatchery  
  195  13:51  Drone x5  
  195  13:55  Spine Crawler  
  184  14:15  Corruptor x9  
  194  14:48  Brood Lord  
  194  14:49  Brood Lord x2  
  200  14:59  Brood Lord x5, Infestor x2  
  194  15:00  Infestor  
  200  15:09  Zerg Flyer Weapons Level 1  
  200  15:11  Pathogen Glands  
  200  15:13  Corruptor x3  
  190  15:30  Corruptor  
  190  15:31  Corruptor x2  
  200  15:42  Corruptor  
  198  15:45  Corruptor x2  
  198  16:13  Hatchery  
  198  16:16  Drone  
  200  16:24  Unknown x2  
  196  16:29  Hydralisk x4  
  199  16:49  Hatchery  
  198  16:55  Spire  
  197  17:04  Zerg Flyer Weapons Level 2  
  197  17:05  Spore Crawler x2  
  197  17:06  Spore Crawler x2  
  197  17:07  Spore Crawler  
  192  17:12  Spore Crawler  
  191  17:15  Infestor x2  
  191  17:16  Infestor x2  
  199  17:23  Neural Parasite  
  199  17:25  Zerg Ground Armor Level 3  
  197  17:42  Corruptor  
  197  17:43  Corruptor  
  194  18:02  Corruptor x3  
  194  18:03  Corruptor  
  196  18:05  Unknown  
  196  18:09  Unknown  
  178  18:21  Viper x2  
  178  18:22  Viper  
  181  18:31  Drone x5  
  180  18:44  Corruptor x6  
  180  18:45  Infestor x5  
  200  18:52  Zerg Flyer Armor Level 1  
  200  18:58  Extractor  
  200  19:00  Extractor  
  198  19:06  Corruptor  
  195  19:35  Brood Lord x2  
  196  19:46  Unknown  
  196  19:47  Unknown x2  
  168  20:10  Brood Lord  
  168  20:11  Brood Lord x2  
  174  20:15  Brood Lord  
  174  20:20  Infestor x3  
  182  20:23  Overlord, Drone x4  
  182  20:24  Overlord, Overseer x3  
  186  20:28  Corruptor x3  
  186  20:29  Spore Crawler, Corruptor x3  
  186  20:30  Spore Crawler x2  
  186  20:35  Drone x3  
  198  20:37  Spore Crawler x2  
  198  20:39  Corruptor x2  
  200  20:44  Zerg Melee Weapons Level 1  
  200  20:55  Overseer x2  
  196  21:14  Infestor x2  
  195  21:33  Hydralisk x2  
  165  21:48  Hydralisk x8  
  165  21:49  Hydralisk x2  
  165  21:52  Hydralisk  
  188  21:58  Zergling x12  
  188  22:00  Hydralisk  
  187  22:04  Infestor x2  
  185  22:21  Corruptor  
  185  22:22  Corruptor x2  
  182  22:43  Spawning Pool  
  163  23:27  Unknown  
  150  23:38  Infestor x9  
  133  23:56  Zergling x14  
  140  24:10  Zergling x8  
  140  24:12  Baneling Nest  
  140  24:16  Zergling x6  
  146  24:28  Zergling x8  
  146  24:42  Zergling x2  
  147  24:53  Zergling x6  
  122  25:20  Zergling x6  
  122  25:21  Zergling x8  
  129  25:22  Infestor x3  
  129  25:27  Lair  
  135  25:30  Queen x2  
  135  25:31  Queen  
  141  25:43  Zergling x4  
  141  25:44  Zergling x12  
  141  25:45  Zergling x2  
  150  25:50  Baneling x5  
  150  25:55  Hatchery  
  150  25:56  Infestor x2  
  150  25:57  Infestor x2  
  150  26:03  Baneling x2  
  153  26:14  Drone x5  
  158  26:19  Baneling x2  
  156  26:35  Hydralisk Den  
  156  26:38  Baneling  
  156  26:39  Baneling x2  
Show
View Real Time Build Order
Export as new Build Order

TYTY Terran 

Build Orders: Reaper Expand, Mech 

Get SALT Encoding   

  12  0:00  SCV  
  13  0:12  SCV  
  14  0:19  Supply Depot  
  14  0:24  SCV  
  15  0:41  Barracks, SCV  
  16  0:44  Refinery  
  16  0:53  SCV  
  17  1:05  SCV  
  18  1:17  SCV  
  19  1:28  Reaper  
  19  1:29  Orbital Command  
  20  1:42  Command Center  
  20  1:50  Supply Depot  
  20  1:55  SCV  
  20  2:00  Marine  
  22  2:08  Factory  
  22  2:10  SCV  
  23  2:19  Marine  
  23  2:22  SCV  
  25  2:34  SCV  
  26  2:37  Marine  
  26  2:38  Refinery  
  27  2:46  SCV  
  28  2:51  Factory Tech Lab  
  28  2:54  Orbital Command  
  28  2:55  Marine  
  29  2:58  SCV  
  29  3:03  Bunker  
  30  3:09  Siege Tank  
  30  3:10  SCV  
  35  3:20  SCV  
  35  3:21  Starport  
  35  3:23  SCV  
  37  3:32  SCV  
  37  3:36  SCV  
  37  3:40  Barracks Reactor  
  37  3:44  SCV, Supply Depot  
  37  3:48  SCV  
  39  3:54  Command Center  
  39  3:56  SCV  
  39  3:57  Factory Tech Lab  
  39  4:00  SCV  
  41  4:03  Cloaking Field  
  41  4:08  SCV  
  41  4:09  Refinery  
  42  4:10  Refinery, Banshee  
  42  4:13  SCV  
  42  4:15  Marine x2  
  48  4:20  SCV  
  48  4:22  Supply Depot  
  49  4:25  SCV  
  50  4:32  Siege Tank  
  50  4:34  SCV  
  50  4:38  Supply Depot  
  54  4:39  Supply Depot  
  54  4:43  Marine x2, SCV  
  54  4:44  Supply Depot  
  57  4:46  SCV  
  58  4:53  Banshee  
  58  4:55  SCV  
  58  4:59  SCV  
  63  5:01  Marine  
  63  5:05  Siege Tank  
  67  5:07  SCV  
  67  5:09  Orbital Command  
  68  5:16  Marine  
  68  5:18  SCV  
  68  5:19  Marine  
  68  5:20  Armory  
  71  5:21  Armory  
  71  5:22  SCV  
  72  5:30  SCV  
  72  5:34  SCV  
  74  5:37  Siege Tank, Orbital Command  
  74  5:38  Marine x2  
  74  5:42  SCV  
  80  5:44  Banshee  
  80  5:47  SCV  
  84  5:54  SCV  
  85  5:58  Marine x2  
  85  5:59  SCV  
  88  6:05  SCV  
  88  6:06  Factory x2, SCV  
  88  6:11  SCV  
  91  6:16  Hellion  
  91  6:18  SCV x2  
  94  6:19  Marine x2, Factory  
  94  6:24  Terran Vehicle Weapons Level 1  
  94  6:25  Terran Vehicle And Ship Armor Level 1  
  97  6:34  SCV x2  
  97  6:38  Banshee  
  97  6:40  Hellion  
  97  6:46  SCV x2  
  95  6:52  Factory Tech Lab  
  89  7:01  Hellion  
  89  7:02  Factory Reactor, SCV x2  
  89  7:04  SCV  
  89  7:05  Refinery  
  89  7:06  Refinery, Supply Depot  
  89  7:07  Command Center  
  91  7:08  Supply Depot  
  81  7:17  Cyclone  
  81  7:18  Mag-Field Accelerator  
  81  7:19  SCV x2  
  81  7:21  Banshee  
  87  7:23  SCV, Hellion  
  83  7:31  SCV  
  83  7:34  Command Center  
  83  7:35  Hyperflight Rotors  
  84  7:41  Hellion x2  
  84  7:42  SCV  
  89  7:48  SCV x2  
  94  7:51  Cyclone  
  94  7:53  Factory  
  94  7:55  Factory  
  94  7:56  SCV  
  98  8:00  SCV, Supply Depot x2, Engineering Bay  
  98  8:01  SCV  
  98  8:04  Hellion x2  
  104  8:07  Banshee  
  104  8:08  Cyclone  
  104  8:09  SCV  
  104  8:11  Smart Servos  
  108  8:13  SCV x2  
  110  8:21  SCV  
  110  8:22  Hellion x2  
  110  8:23  Terran Vehicle Weapons Level 2  
  110  8:25  SCV  
  110  8:26  Supply Depot  
  116  8:32  Missile Turret, SCV  
  116  8:33  SCV  
  118  8:37  Factory Tech Lab, SCV, Hellion x2  
  118  8:39  Factory Tech Lab  
  118  8:40  Cyclone x2  
  129  8:44  SCV, Terran Vehicle And Ship Armor Level 2  
  129  8:45  SCV  
  131  8:49  SCV  
  131  8:52  Refinery, Hellion x2  
  131  8:53  Refinery  
  131  8:54  Planetary Fortress  
  136  8:56  SCV  
  136  8:57  Cyclone  
  136  9:01  SCV x2  
  142  9:03  Planetary Fortress  
  142  9:04  Hellion x2  
  142  9:08  Hellion  
  142  9:09  SCV  
  149  9:10  Banshee  
  149  9:13  SCV x2  
  149  9:14  Missile Turret  
  149  9:16  Supply Depot  
  154  9:17  Cyclone  
  154  9:19  Hellion x2  
  163  9:24  Hellion  
  163  9:25  SCV x2, Supply Depot  
  163  9:30  SCV x2  
  167  9:32  Hellion  
  167  9:33  Hellion  
  167  9:38  Cyclone x2  
  178  9:45  SCV  
  179  9:46  SCV, Cyclone  
  179  9:47  Hellion x2  
  186  9:58  Supply Depot  
  186  9:59  Infernal Pre-Igniter  
  184  10:04  SCV  
  176  10:08  SCV x3  
  176  10:10  Hellion  
  187  10:16  Hellion, Supply Depot  
  187  10:19  Supply Depot  
  187  10:20  Hellion x2  
  187  10:21  Starport Reactor, Siege Tank x4  
  190  10:25  Supply Depot  
  193  10:32  Hellion  
  187  10:37  Hellion  
  187  10:40  Starport  
  187  10:41  Hellion x2  
  193  10:44  Factory, Missile Turret  
  193  10:50  SCV x3  
  200  10:59  Viking  
  200  11:01  Viking  
  200  11:02  Refinery  
  200  11:06  Command Center  
  200  11:08  Refinery, Command Center  
  200  11:10  Siege Tank x2  
  197  11:12  Hellion  
  197  11:17  Terran Vehicle Weapons Level 3, Terran Vehicle And Ship Armor Level 3  
  199  11:19  Starport Reactor  
  191  11:31  Hellion x2  
  191  11:32  Siege Tank x2  
  187  11:33  Viking x2  
  181  11:42  Hellion x2  
  181  11:43  Hellion x2  
  181  11:49  Siege Tank x2  
  181  11:53  Hellion x2  
  191  11:58  Viking x2  
  191  11:59  Command Center  
  191  12:01  Command Center x2, Sensor Tower  
  195  12:04  Siege Tank x2  
  195  12:05  Command Center  
  195  12:07  Hellion x2  
  195  12:08  Viking  
  198  12:10  Command Center  
  194  12:21  Siege Tank x2  
  194  12:22  Hellion x2  
  177  12:23  Hellion x4  
  177  12:28  Hellion x2  
  152  12:30  Viking x2  
  152  12:33  SCV  
  152  12:36  Siege Tank x2  
  156  12:37  Viking  
  156  12:43  Hellion  
  156  12:50  Viking, Siege Tank  
  159  12:53  Siege Tank x2  
  159  12:55  Command Center  
  159  12:56  Hellion x2  
  159  12:58  Command Center  
  169  12:59  Command Center  
  169  13:00  Viking  
  171  13:07  Viking x2, Hellion x2  
  171  13:08  Siege Tank x2  
  175  13:20  Hellion x2  
  175  13:22  Siege Tank  
  175  13:24  Viking  
  175  13:25  Siege Tank  
  187  13:30  Viking  
  187  13:37  Viking, Siege Tank  
  187  13:38  Viking, Hellion x2  
  196  13:45  Siege Tank  
  198  13:54  Viking  
  186  14:14  Viking x3  
  188  14:21  Thor  
  188  14:22  Thor  
  188  14:24  Viking, Hellion x2  
  200  14:43  Missile Turret, Hellion  
  200  14:44  Viking  
  192  14:57  Terran Ship Weapons Level 1  
  183  15:00  Thor x2  
  195  15:12  Planetary Fortress  
  195  15:13  Barracks  
  195  15:15  Thor  
  197  15:33  Missile Turret  
  197  15:34  Missile Turret  
  197  15:35  Missile Turret  
  197  15:42  Missile Turret  
  197  15:46  Command Center x2  
  197  15:51  Neosteel Armor  
  197  15:56  Command Center  
  197  16:00  Orbital Command  
  197  16:01  Orbital Command  
  197  16:05  Viking  
  193  16:20  Barracks, Ghost Academy  
  193  16:21  Barracks  
  193  16:22  Barracks  
  193  16:23  Barracks  
  183  16:51  Viking x3  
  183  16:52  Missile Turret  
  183  16:54  Missile Turret, Sensor Tower  
  198  16:59  Barracks Tech Lab  
  198  17:03  Planetary Fortress, Orbital Command  
  198  17:14  Barracks Tech Lab x4  
  198  17:17  Ghost  
  191  17:28  Missile Turret, Sensor Tower  
  191  17:30  Missile Turret  
  191  17:31  Hi-Sec Auto Tracking  
  191  17:34  Ghost x2  
  195  17:45  Ghost x2  
  195  17:46  Personal Cloaking  
  199  17:52  Command Center  
  199  17:54  Missile Turret  
  191  18:09  Terran Ship Weapons Level 2  
  191  18:10  Ghost x2  
  186  18:13  Siege Tank x3  
  186  18:18  Viking x4  
  183  18:30  Ghost x2  
  179  18:42  Ghost x3  
  179  18:48  Viking x4  
  186  18:50  Concussive Shells, Refinery x2  
  199  19:02  Ghost Academy  
  199  19:05  Command Center  
  199  19:10  Sensor Tower  
  199  19:12  Nuke  
  199  19:16  Missile Turret  
  193  19:17  Hellion x3  
  193  19:19  Sensor Tower  
  196  19:33  Nuke  
  196  19:38  Missile Turret x2  
  196  19:39  Terran Infantry Weapons Level 1  
  196  19:42  Engineering Bay  
  167  19:54  Siege Tank x2  
  165  20:05  Viking x2  
  156  20:08  Ghost x2  
  156  20:09  Nuke  
  156  20:11  Ghost, Hellion  
  156  20:12  Ghost x2, Hellion  
  156  20:13  Viking x2  
  177  20:21  Hellion x5  
  181  20:24  Missile Turret  
  181  20:25  Missile Turret  
  181  20:26  Hellion  
  183  20:29  Orbital Command  
  183  20:31  Planetary Fortress  
  183  20:33  Refinery  
  183  20:34  Refinery  
  183  20:35  Viking  
  185  20:37  Terran Infantry Armor Level 1  
  185  20:45  Hellion x5  
  185  20:48  Siege Tank x3  
  194  20:54  Sensor Tower  
  194  21:01  Hellion x3  
  174  21:32  Siege Tank  
  174  21:33  Ghost x2, Hellion x2, Siege Tank x2  
  175  21:48  Hellion x2  
  175  21:50  Ghost x3  
  184  21:58  Medivac x2  
  184  22:00  Hellion x2  
  186  22:03  Command Center  
  186  22:05  Hellion x3  
  186  22:20  Ghost x2, Hellion x4  
  186  22:21  Hellion  
  197  22:33  Medivac x2  
  197  22:37  Siege Tank  
  191  22:39  Hellion x2  
  171  23:02  Hellion x2  
  169  23:13  Hellion  
  169  23:14  Siege Tank, Hellion  
  169  23:15  Siege Tank  
  144  23:41  Hellion x2  
  144  23:44  Viking x3  
  120  23:56  Ghost x2  
  120  23:58  Hellion x5  
  120  23:59  Hellion x2  
  120  24:01  Ghost x3  
  143  24:03  Hellion x2  
  145  24:19  Hellion x2  
  77  25:17  Hellion x2  
  77  25:19  Ghost x3  
  77  25:20  Medivac x2  
  84  25:21  Hellion  
  84  25:22  Hellion x5  
  94  25:33  Ghost  
  94  25:34  Ghost  
  87  25:53  Medivac x2  
  85  26:30  Ghost, Hellion x3  
  85  26:52  Hellion x2  
  87  26:57  Hellion  

Tags
 
Add a new tag
Caveats
  • Supply blocks, unpowered buildings, or Contaminate may cause inaccurate times.
  • Supply counts are checked every 10 seconds.